 Dungeon Crawl Stone Soup version 0.28-a0-984-g3775c662fe (webtiles) character file.

Game seed: 809549307642068207

200 fragbeetle the Ruffian (level 5, 0/40 HPs)
             Began as a Draconian Transmuter on Dec 3, 2021.
             Was a Follower of Uskayaw.
             Slain by Pikel (3 damage)
             ... on level 4 of the Dungeon.
             The game lasted 00:13:23 (3271 turns).

fragbeetle the Ruffian (Draconian Transmuter)       Turns: 3271, Time: 00:13:23

Health: 0/40       AC: 11    Str: 21    XL:     5   Next: 48%
Magic:  8/9        EV: 12    Int: 13    God:    Uskayaw [*.....]
Gold:   110        SH:  0    Dex: 11    Spells: 6/10 levels left

rFire   . . .      SeeInvis .     - Unarmed
rCold   . . .      Faith    .   (no shield)
rNeg    . . .      Spirit   .   (armour unavailable)
rPois   .          Reflect  .   (helmet currently unavailable)
rElec   .          Harm     .   d - +1 cloak
rCorr   .          Rampage  .   (no gloves)
Will    .....                   (boots currently unavailable)
Stlth   ++........              (no amulet)
HPRegen 0.13/turn               g - +4 ring of protection
MPRegen 0.11/turn               r - +6 ring of strength

@: lethally poisoned (0 -> -3), about to teleport, appendages
A: horns 2, talons 2, AC +5, unfitting armour, cold-blooded
a: End Transformation, Renounce Religion, Stomp


You were on level 4 of the Dungeon.
You worshipped Uskayaw.
Uskayaw was noncommittal.
You had temporarily grown beastly horns and talons.
You visited 1 branch of the dungeon, and saw 5 of its levels.

You collected 159 gold pieces.
You spent 49 gold pieces at shops.

Inventory:

Missiles
 b - a throwing net
Armour
 a - a +1 hat (melded)
 d - a +1 cloak (worn)
 f - a scarf of shadows
Jewellery
 g - a +4 ring of protection (left hand)
 r - a +6 ring of strength (right hand)
Scrolls
 e - 4 scrolls of identify
 l - a scroll of vulnerability {unknown}
 m - a scroll of brand weapon {unknown}
 p - a scroll of noise {unknown}
 q - a scroll of amnesia
Potions
 c - a potion of resistance
 h - a potion of curing {unknown}
 j - a potion of brilliance {unknown}
 k - a potion of berserk rage {unknown}
 n - a potion of degeneration {unknown}
 o - a potion of lignification {unknown}


   Skills:
 + Level 1.1 Fighting
 + Level 2.3 Dodging
 + Level 1.2 Stealth
 + Level 4.5 Unarmed Combat
 + Level 3.0 Spellcasting
 + Level 3.1 Transmutations


You had 6 spell levels left.
You knew the following spells:

 Your Spells              Type           Power      Damage    Failure   Level
a - Beastly Appendage     Tmut           20%        N/A       6%          1
b - Spider Form           Tmut/Pois      6%         N/A       36%         3

Your spell library contained the following spells:

 Spells                   Type           Power      Damage    Failure   Level
 Wereblood                Tmut           10%        N/A       10%         2
 Corpse Rot               Necr/Air       2%         N/A       34%         2
 Ensorcelled Hibernation  Hex/Ice        2%         N/A       34%         2
 Poisonous Vapours        Pois/Air       2%         N/A       34%         2
 Frozen Ramparts          Ice            2%         1d2       56%         3
 Gell's Gravitas          Tloc           1%         N/A       56%         3
 Teleport Other           Tloc           1%         N/A       56%         3
 Tukima's Dance           Hex            1%         N/A       56%         3
 Ice Form                 Ice/Tmut       6%         N/A       77%         4
 Summon Ice Beast         Ice/Summ       1%         N/A       92%         4
 Dispersal                Tloc           0%         N/A       100%        6


Dungeon Overview and Level Annotations

Branches:
Dungeon (5/15)
 Temple: D:4-7

Altars:
Fedhas
Gozag
Hepliaklqana
Sif Muna
Uskayaw
Xom
Zin

Shops:
D:3 ?

Annotations:
D:4 Pikel


Innate Abilities, Weirdness & Mutations

You have temporarily grown beastly horns and talons.
Your plain brown scales are hard. (AC +5)
You cannot fit into any form of body armour.
You are cold-blooded and may be slowed by cold attacks.


Message History

You climb downwards.
Level annotation: Pikel Reactivating autopickup.
The orc shouts!
The adder closely misses you. The lemure hits you but does no damage.
The lemure misses you. The lemure barely misses you. The adder misses you.
There is a stone staircase leading up here.
The lemure closely misses you. The adder closely misses you.
The lemure hits you but does no damage. x2; The orc priest barely misses you.
You climb upwards.
There is a stone staircase leading down here.
As you read the scroll labelled NAON PORYSIFIQ, it crumbles to dust.
You feel strangely unstable.
It was a scroll of teleportation.
The adder barely misses you. The lemure closely misses you.
Pikel hits you but does no damage. The lemure closely misses you.
The orc priest hits you but does no damage.
Casting: Beastly Appendage (safe; 6% risk of failure)
Confirm with . or Enter, or press ? or * to list all spells.
You grow a pair of large bovine horns.
Your feet morph into talons.
Your +1 hat melds into your body.
The adder bites you. The lemure closely misses you.
Pikel hits you but does no damage. The lemure hits you but does no damage.
The orc priest barely misses you. The adder bites you.
You are poisoned.
The adder poisons you!
You closely miss the adder. Your kick misses the adder.
Your headbutt misses the adder.
Your tail-slap misses the adder.
You feel sick. The lemure barely misses you.
Pikel hits you with a +2 whip of freezing.
Pikel freezes you. The adder misses you. The lemure closely misses you.
The orc priest hits you but does no damage.
You punch the adder! Your kick misses the adder.
Your headbutt misses the adder.
The adder is almost dead.
You feel sick. The adder closely misses you. The lemure hits you.
* * * LOW HITPOINT WARNING * * *
Pikel hits you with a +2 whip of freezing!
* * * LOW HITPOINT WARNING * * *
Pikel freezes you.
You die...

.# #....<..# .####.......##+###
.................#####.
.......................
.......................
.....####'##..........
.....#.....+..........
.#'###.....#...oK###+#.....# .#..
#.....#..55@#...#.....#....#
.#..##.....#...5S#...#.....#....#
.#...#.....+...5.#...#.....#....#
.#...#.....#.....#...#.>...#.o..5
.#+######'##.....#...#.....#.....
.................'...#.....#....#
.................#...#.....#....#
.................###'#...o.'...<.
.................#...#.....#.....


You could see Pikel, 3 lemures, an orc priest, an adder and a white imp.

Vanquished Creatures
  2 water moccasin skeletons
  4 adders
  4 worms
  A dart slug (D:1)
  An orc (D:4)
  8 ball pythons
  3 endoplasms
  2 giant cockroaches
  2 goblins (D:1)
  9 hobgoblins
  3 kobolds
  2 quokkas (D:2)
  6 bats
  2 frilled lizards
  8 rats
57 creatures vanquished.

Notes
Turn   | Place    | Note
-------+----------+-------------------------------------------
     0 | D:1      | fragbeetle the Draconian Transmuter began the quest for the
                  | Orb.
     0 | D:1      | Reached XP level 1. HP: 16/16 MP: 3/3
   306 | D:1      | Reached XP level 2. HP: 23/23 MP: 3/5
   812 | D:1      | Reached XP level 3. HP: 28/28 MP: 4/6
  1002 | D:2      | Reached skill level 4 in Unarmed Combat
  1002 | D:2      | Reached XP level 4. HP: 35/35 MP: 4/7
  1018 | D:2      | Learned a level 3 spell: Spider Form
  1523 | D:2      | Found a faded altar of an unknown god.
  2488 | D:3      | Found a blossoming altar of Fedhas.
  2490 | D:3      | Found an opulent altar of Gozag.
  2498 | D:3      | Found a shimmering blue altar of Sif Muna.
  2498 | D:3      | Found a glowing silver altar of Zin.
  2503 | D:3      | Found a shimmering altar of Xom.
  2508 | D:3      | Found a hazy altar of Hepliaklqana.
  2684 | D:3      | Reached skill level 1 in Stealth
  2692 | D:3      | Found a hide-covered altar of Uskayaw.
  2703 | D:3      | Became a worshipper of Uskayaw the Reveller
  3034 | D:3      | Found Kotezupn's Magic Scroll Boutique.
  3044 | D:3      | Bought a scroll of amnesia for 49 gold pieces
  3097 | D:4      | Reached * piety under Uskayaw
  3100 | D:4      | Reached ** piety under Uskayaw
  3102 | D:4      | Reached XP level 5. HP: 37/40 MP: 6/9
  3105 | D:4      | Reached *** piety under Uskayaw
  3140 | D:5      | Entered Level 5 of the Dungeon
  3140 | D:5      | Noticed Pikel
  3140 | D:5      | Noticed a lemure
  3140 | D:5      | Noticed a lemure
  3140 | D:5      | Noticed a lemure
  3140 | D:5      | Noticed a lemure
  3271 | D:4      | Slain by Pikel

Illustrated notes

Levels and vault maps discovered:
D:1:      matt_arrival_diagonals, layout_basic
D:2:      layout_basic, shapermc_ecumenical_altar_mp_urbaneastern,
          minmay_misc_feat_chi
D:3:      layout_basic, minitemple, mainiacjoe_overflow_alcove_2, serial_shops,
          shop_scrolls, minmay_misc_feat_plants, minmay_misc_feat_five,
          chequers_arboretum
D:4:      layout_gridville
D:5:      layout_basic, mainiacjoe_overflow_surrounded_room,
          nicolae_ru_awakened_eye, minmay_temple_entry_crystal_x, serial_shops,
          nicolae_shop_stone, uniq_pikel, uniq_sigmund, uniq_duvessa

Skill      XL: |  1  2  3  4  5 |
---------------+----------------+-----
Dodging        | 2 |  2.3
Unarmed Combat | 4 |  4.5
Stealth        | 1 |  1.2
Transmutations | 3 |  3.1
Spellcasting   | 3 |  3.0
Fighting       | |  1.1

Action                   |  1- 3 |  4- 6 || total
-------------------------+-------+-------++-------
Melee: Unarmed           |    62 |    85 ||   147
       Headbutt          |    10 |    15 ||    25
       Tailslap          |     6 |     6 ||    12
       Kick              |     9 |    18 ||    27
       Punch             |     1 |     1 ||     2
 Cast: Beastly Appendage |    15 |    24 ||    39
  Use: Scroll            |       |     2 ||     2
 Stab: Sleeping          |     1 |       ||     1
Armor: Skin              |    23 |    33 ||    56
Dodge: Dodged            |    31 |    57 ||    88

Table legend: (Time is in decaauts)
 A = Elapsed time spent in this place.
 B = Non-inter-level travel time spent in this place.
 C = Inter-level travel time spent in this place.
 D = Time resting spent in this place.
 E = Time spent auto-exploring this place.
 F = Levels seen in this place.
 G = Mean time per level.
                   A        B        C        D        E       F      G
               +--------+--------+--------+--------+--------+-----+--------+
         Total |   3268 |   3268 |      0 |    295 |   1476 |   5 |  653.6 |
       Dungeon |   3268 |   3268 |      0 |    295 |   1476 |   5 |  653.6 |
               +--------+--------+--------+--------+--------+-----+--------+

Top non-repeatable levels by time:
     D:2: 1294 daAuts
     D:1: 939 daAuts
     D:3: 836 daAuts
     D:4: 193 daAuts
     D:5: 4 daAuts
